[Event "*** Titled Tuesday Blitz"]
[Site "Chess.com"]
[Date "2021.02.16"]
[Round "10"]
[White "atalz0"]
[Black "goldihouse"]
[Result "0-1"]
[WhiteElo "2420"]
[BlackElo "2562"]
[TimeControl "180+1"]
[EndTime "11:59:27 PST"]
[Termination "goldihouse won on time"]

1. d4 Nf6 2. c4 e6 3. Nc3 Bb4 4. Qc2 O-O 5. e4 d6 6. Bd3 e5 7.
Ne2 Nc6 8. d5 Ne7 9. a3 Ba5 10.
b4 Bb6 11. Na4 Bd7 12. Nxb6 axb6 13. a4 Ng6 14. h4 h6 15. h5 Ne7 16. f3 Nh7 17. g4 c6 18. Kf2 Rc8 19. Qb3 Ra8 20. Be3 Qc7 21. a5 bxa5 22. bxa5 c5 23. Qb6 Qxb6 24.
axb6 Rfb8 25. Rhb1 Nc8 26. Rxa8 Rxa8 27. Nc3 Ra6 28.
Nb5 Bxb5 29. Rxb5 Rxb6 30. Rxb6 Nxb6 31. Bd2 Nf6 32. Ba5 Nfd7 33. Ke3 Kf8 34. Kd2 Ke7 35.
Kc3 Nxd5+ 36. cxd5 b6 37. Bxb6 Nxb6 38. Bb5 Kf6 39.
Kd3 g6 40. Ke3 gxh5 41. gxh5 Kg5 42. Be8 Kxh5 43. Bxf7+ Kg5 44. Be8 h5 0-1

[Event "*** Titled Tuesday Blitz"]
[Site "Chess.com"]
[Date "2021.02.16"]
[Round "10"]
[White "davigator"]
[Black "awesomevishesh"]
[Result "1-0"]
[WhiteElo "2379"]
[BlackElo "2486"]
[TimeControl "180+1"]
[EndTime "11:59:27 PST"]
[Termination "davigator won on time"]

1. e4 c5 2. Nf3 d6 3. d4 cxd4 4. Nxd4 Nf6 5. Nc3 a6 6. Bg5 e6 7. f4 h6 8. Bh4 Qb6 9. a3 Be7 10. Bf2 Qc7 11. Qf3 b5 12. O-O-O Bb7 13. Bd3 Nbd7 14.
Rhe1 Rb8 15. g4 g5 16. Nb3 Ba8 17. h4 gxf4 18. Qxf4 Ne5 19. g5 hxg5 20. hxg5 Nh5 21. Qe3 Ng4 22. Qd2 Nxf2 23. Qxf2 Bxg5+ 24. Kb1 Nf4 25. Qg3 Rg8 26. Rf1 e5 27. Qg4 b4 28. axb4 Rxb4 29. Rg1 a5 30. Qf5 f6 31. Nd5 Bxd5 32.
exd5 a4 33. Nd2 a3 34. Nc4 Rxc4 35. Bxc4 Qxc4 36. Rg3 a2+ 37. Ka1 Qe2 38. Rh1 Rg7 39.
Ra3 Nxd5 40. Qe6+ 1-0

[Event "*** Titled Tuesday Blitz"]
[Site "Chess.com"]
[Date "2021.02.16"]
[Round "10"]
[White "EvgenyT"]
[Black "RD4ever"]
[Result "0-1"]
[WhiteElo "2940"]
[BlackElo "2894"]
[TimeControl "180+1"]
[EndTime "11:59:28 PST"]
[Termination "RD4ever won by resignation"]

1. c4 e6 2. Nf3 d5 3. g3 Nf6 4. Bg2 c5 5. O-O Be7 6. cxd5 exd5 7. d4 Nc6 8. dxc5 Bxc5 9. Bg5 O-O 10. Nc3 d4 11. Bxf6 Qxf6 12. Nd5 Qd8 13. Nd2 Re8 14. Rc1 Bf8 15. Nf4 Bf5 16. a3 Rc8 17. Nd3 Qd7 18. Re1 Bh3 19. Bxh3 Qxh3 20. Nf3 Qf5 21. Qb3 Rc7 22.
Qa4 Rxe2 23. Nxd4 Nxd4 24. Qxd4 Rd7 25. Qc4 Rxe1+ 26. Nxe1 Rd2 27. Qf1 Rxb2 28. Nd3 Rb3 29. Nf4 Bxa3 30. Rd1 g6 31. Qc4 Rb1 32. Rxb1 Qxb1+ 33.
Kg2 Bf8 34. h4 Qf5 35. h5 gxh5 36. Nd5 a5 37. Ne3 Qe6 38. Qb5 Qc6+ 0-1

[Event "*** Titled Tuesday Blitz"]
[Site "Chess.com"]
[Date "2021.02.16"]
[Round "10"]
[White "olksuna"]
[Black "m_ezat"]
[Result "1-0"]
[WhiteElo "2681"]
[BlackElo "2485"]
[TimeControl "180+1"]
[EndTime "11:59:30 PST"]
[Termination "olksuna won by checkmate"]

1. e4 c6 2. Nf3 d5 3. Nc3 Bg4 4. h3 Bxf3 5. Qxf3 e6 6. d4 Bb4 7. exd5 cxd5 8. Bb5+ Nc6 9. O-O Bxc3 10. Qxc3 Ne7 11. Qd3 O-O 12. c3 Nf5 13. Bf4 Nce7 14.
Ba4 Ng6 15. Bh2 Qg5 16. Bc2 Rfd8 17. Kh1 h5 18. f4 Qh4 19. Qf3 Qf6 20. g4 hxg4 21.
hxg4 Nd6 22. f5 Nh4 23. Qh3 exf5 24. gxf5 Ne4 25. Rf4 g5 26. Rff1 Kg7 27. Be5 Rh8 28. Bxf6+ Kxf6 29. Kg1 Rh5 30. Bxe4 dxe4 31. Qg4 Re8 32.
Rae1 Rh6 33. Rxe4 Rxe4 34. Qxe4 Kg7 35. f6+ Rxf6 36. Rxf6 Kxf6 37. Qxb7 Kg6 38. Qxa7 f5 39.
d5 g4 40. d6 Nf3+ 41. Kf2 Ne5 42. d7 Nd3+ 43. Ke3 Ne5 44. d8=Q Nc4+ 45. Kf4 Nxb2 46. Qg8+ Kh5 47. Qg5# 1-0

[Event "*** Titled Tuesday Blitz"]
[Site "Chess.com"]
[Date "2021.02.16"]
[Round "10"]
[White "Kretov_Evgenij"]
[Black "marianokar"]
[Result "1-0"]
[WhiteElo "2624"]
[BlackElo "2459"]
[TimeControl "180+1"]
[EndTime "11:59:31 PST"]
[Termination "Kretov_Evgenij won by resignation"]

1. d4 Nf6 2. c4 e6 3. Nc3 Bb4 4.
Bg5 c5 5. d5 h6 6. Bh4 d6 7. e3 Bxc3+ 8. bxc3 e5 9. Qc2 g5 10.
Bg3 Qe7 11. h4 Rg8 12. hxg5 hxg5 13. Nf3 e4 14. Nd2 Bf5 15. f4 g4 16. Bh4 Nbd7 17. Bg5 O-O-O 18. Be2 Rh8 19. O-O-O Kc7 20. Qa4 Nb6 21. Qa3 Kb8 22. Nb3 Nbd7 23. Na5 Ka8 24. Qb3 Nb6 25. Kd2 Bc8 26. Qb1 Nbd7 27. Bxg4 Nb6 28.
Be2 Rdg8 29. Rxh8 Rxh8 30. Rh1 Qd8 31. Qe1 Nbd7 32. Nb3 Qg8 33. Rxh8 Qxh8 34. Qh4 Qg7 35. Qh6 Qxh6 36. Bxh6 Kb8 37. g4 Kc7 38. g5 Ng8 39. Bg7 Kd8 40. Bh5 Ke7 41. Ke2 Nf8 42. Nd2 Bf5 43.
Bxf8+ Kxf8 44. Kf2 a6 45. Kg3 Ne7 46. Bg4 Bg6 47.
Kf2 b5 48. Be2 b4 49. cxb4 cxb4 50. Nb3 Ke8 51. c5 dxc5 52. Nxc5 Nxd5 53. Nxa6 Bf5 54. Bc4 Nc3 55. Nxb4 Ke7 56. Nd5+ Kd6 57. Nxc3 1-0

[Event "*** Titled Tuesday Blitz"]
[Site "Chess.com"]
[Date "2021.02.16"]
[Round "10"]
[White "zurzan"]
[Black "DonPreuss"]
[Result "1-0"]
[WhiteElo "2040"]
[BlackElo "2237"]
[TimeControl "180+1"]
[EndTime "11:59:31 PST"]
[Termination "zurzan won by resignation"]

1. f4 e5 2. fxe5 d6 3. exd6 Bxd6 4. Nf3 g5 5. g3 g4 6. Nh4 Ne7 7. d4 Ng6 8. Nxg6 hxg6 9. Qd3 Nc6 10. c3 Bf5 11. e4 Qe7 12. Bg2 O-O-O 13. O-O Be6 14.
Bf4 Bc5 15. Be3 Ne5 16. Qb5 Bc4 17. Qxc5 Qxc5 18. dxc5 Bxf1 19. Kxf1 Rxh2 20. Nd2 Rd3 21. Re1 Nf3 22. Nxf3 gxf3 23. Bxf3 Rxb2 24. Bg4+ Kd8 25.
Bd4 Rxa2 26. Bf6+ Ke8 27. Rd1 Rxd1+ 28. Bxd1 a5 29. c6 b5 30. Be2 b4 31. cxb4 axb4 32.
Bc4 Rc2 33. Bb3 Rc3 34. Bxc3 bxc3 35. Ke2 Ke7 36. Kd3 Kd6 37. Bd5 f5 38. Kxc3 fxe4 39. Bxe4 g5 40. g4 Ke5 41. Bf3 Kf4 42. Bd1 Ke5 43.
Kb4 Kd5 44. Bf3+ Kd6 45. Kb5 1-0

[Event "*** Titled Tuesday Blitz"]
[Site "Chess.com"]
[Date "2021.02.16"]
[Round "10"]
[White "chessdjw"]
[Black "Sergienko_Sergey"]
[Result "1-0"]
[WhiteElo "2689"]
[BlackElo "2433"]
[TimeControl "180+1"]
[EndTime "11:59:33 PST"]
[Termination "chessdjw won by resignation"]

1. e4 c5 2. Nf3 a6 3. c3 e6 4. d4 d5 5. e5 Bd7 6. Bd3 Nc6 7.
O-O cxd4 8. cxd4 Qb6 9. Be3 Nb4 10. Be2 Bb5 11. Nc3 Bxe2 12. Qxe2 Nc6 13. Rac1 Nge7 14. Na4 Qb5 15. Qd1 Nf5 16. g4 Nxe3 17. fxe3 Be7 18.
Rf2 O-O 19. Nc5 Bxc5 20. Rxc5 Qb6 21. Qc2 g6 22. a3 Rac8 23. b4 Ne7 24. Ng5 Rxc5 25.
bxc5 Qa5 26. Qb3 Qc7 27. h4 Nc6 28. Rf6 Nxe5 29. dxe5 Qxe5 30. Rf3 d4 31. Qd3 h6 32. exd4 Qe1+ 33. Rf1 Qxh4 34. Ne4 Qxg4+ 35. Kh2 Qh4+ 36. Kg2 Qg4+ 37. Ng3 h5 38. Qe4 Qg5 39. Qf4 Qd5+ 40.
Kh2 b6 41. Ne4 Qa2+ 42. Rf2 Qxa3 43. Nf6+ Kg7 44. Nxh5+ Kg8 45. Qh6 1-0

[Event "*** Titled Tuesday Blitz"]
[Site "Chess.com"]
[Date "2021.02.16"]
[Round "10"]
[White "Sadykov_Ramil"]
[Black "bocah_sakit"]
[Result "0-1"]
[WhiteElo "2591"]
[BlackElo "2853"]
[TimeControl "180+1"]
[EndTime "11:59:34 PST"]
[Termination "bocah_sakit won by checkmate"]

1. e4 c5 2. Nf3 Nc6 3. Bb5 g6 4. Bxc6 bxc6 5. O-O Bg7 6. Re1 Nh6 7. c3 O-O 8. h3 f5 9. e5 d6 10. d4 cxd4 11. exd6 exd6 12. cxd4 Nf7 13. Nc3 Rb8 14.
b3 g5 15. Qd3 g4 16. Nd2 Qh4 17. hxg4 fxg4 18. Nde4 Bf5 19. Qg3 Qxg3 20. Nxg3 Bxd4 21. Bb2 Bg6 22. Rad1 Be5 23. Na4 Rfd8 24. Bxe5 Nxe5 25. Ne4 d5 26. Nf6+ Kf7 27. Nxd5 Nd3 28. Re7+ Kf8 29. Rxa7 Rxd5 30. Rc7 c5 31. Nb2 Rbd8 32. Nxd3 Bxd3 33.
Rc1 c4 34. bxc4 R5d7 35. Rc5 Bg6 36. Kh2 Rd2 37. Kg3 Rxa2 38. Rc3 Kg7 39. Kxg4 Rxf2 40. g3 Rd4+ 41. Kh3 h5 42. Re3 Bf5+ 43. g4 Bxg4+ 44.
Kg3 Rf7 45. Ree5 Rf3+ 46. Kh4 Kf6 47. Red5 Rh3# 0-1

[Event "*** Titled Tuesday Blitz"]
[Site "Chess.com"]
[Date "2021.02.16"]
[Round "10"]
[White "Mihnea2017"]
[Black "elohunter1999"]
[Result "0-1"]
[WhiteElo "2466"]
[BlackElo "2625"]
[TimeControl "180+1"]
[EndTime "11:59:34 PST"]
[Termination "elohunter1999 won by resignation"]

1. e4 c5 2. Nf3 Nc6 3. d4 cxd4 4. Nxd4 e5 5. Nb5 d6 6. N1c3 a6 7. Na3 Be6 8. Nc4 b5 9. Ne3 Nf6 10. Ned5 Be7 11. Nxf6+ Bxf6 12. Bd3 Bg5 13. O-O Bxc1 14. Qxc1 O-O 15. a3 Qh4 16. Qe3 Rac8 17. Rad1 Nd4 18.
Rd2 Qf4 19. Rfd1 Qxe3 20. fxe3 Nc6 21. Be2 b4 22. Nd5 a5 23. Ba6 Rb8 24. axb4 Bxd5 25. exd5 Nxb4 26. Be2 Rb6 27. c3 Na6 28. Ra1 Nc5 29.
Bc4 a4 30. Ra3 Rfb8 31. Kf1 Rxb2 32. Ke1 Rxd2 33. Kxd2 Rb2+ 34. Kc1 Rxg2 35. Bb5 g6 36. Bxa4 Rxh2 37. Bc2 h5 38. Ra8+ Kg7 39. Rd8 h4 40. Rxd6 h3 41. Rc6 Rh1+ 42. Kb2 h2 43. Rxc5 Rb1+ 44.
Bxb1 h1=Q 45. Bc2 Qe1 46. c4 Qxe3 47. Rc6 Qd4+ 48. Kb3 e4 49. d6 e3 50. c5 Qd5+ 0-1

[Event "*** Titled Tuesday Blitz"]
[Site "Chess.com"]
[Date "2021.02.16"]
[Round "10"]
[White "DenishevM"]
[Black "federicosellitti"]
[Result "1/2-1/2"]
[WhiteElo "2589"]
[BlackElo "2469"]
[TimeControl "180+1"]
[EndTime "11:59:34 PST"]
[Termination "Game drawn - insufficient material"]

1. Nf3 Nf6 2. b3 g6 3. Bb2 Bg7 4. e3 O-O 5. c4 c5 6. d4 cxd4 7. Nxd4 Nc6 8. Be2 d5 9. Nxc6 bxc6 10.
O-O e6 11. Nd2 a5 12. Nf3 Ba6 13. Qc2 Qe7 14. Rad1 Rfc8 15. Be5 Ne4 16. Bxg7 Kxg7 17. Bd3 Nd6 18. e4 dxc4 19. Bxc4 Nxc4 20. bxc4 Qb4 21. Rc1 Rab8 22. Qd3 Rd8 23. Qe3 Bxc4 24. Rfe1 Bxa2 25. Rxc6 Rdc8 26. Rxc8 Rxc8 27. e5 Qc3 28. Qg5 h6 29.
Qf6+ Kg8 30. h4 Bd5 31. Re3 Qc1+ 32. Kh2 Bxf3 33. Rxf3 Qc7 34. h5 Qd8 35. hxg6 Qxf6 36.
Rxf6 fxg6 37. Rxe6 Ra8 38. Rxg6+ Kf7 39. Rxh6 a4 40.
Kg3 a3 41. Rh1 Ke6 42. f4 Kf5 43. Ra1 a2 44. Kf3 Ra3+ 45. Kf2 Kxf4 46. e6 Re3 47. Rxa2 Rxe6 48. g3+ Kg4 49. Ra4+ Kg5 50. Kf3 Rb6 51. Ra5+ Kg6 52. Ra4 Rc6 53. Kg4 Rb6 54. Rf4 Rc6 55. Re4 Rb6 56. Kf4 Rc6 57. g4 Rb6 58. g5 Ra6 59.
Kg4 Rb6 60. Rf4 Ra6 61. Re4 Rb6 62. Rf4 Ra6 63. Rf6+ Rxf6 64. gxf6 Kxf6 1/2-1/2

[Event "*** Titled Tuesday Blitz"]
[Site "Chess.com"]
[Date "2021.02.16"]
[Round "10"]
[White "GameOverBro"]
[Black "kidagent"]
[Result "1/2-1/2"]
[WhiteElo "2428"]
[BlackElo "2320"]
[TimeControl "180+1"]
[EndTime "11:59:34 PST"]
[Termination "Game drawn by repetition"]

1. e4 c5 2. Ne2 Nc6 3. Nbc3 Nd4 4. Nxd4 cxd4 5. Ne2 e5 6. Ng3 d5 7. Bb5+ Bd7 8. Qe2 Nf6 9. O-O dxe4 10. Nxe4 Nxe4 11. Bxd7+ Qxd7 12. Qxe4 Bd6 13. f4 Qc6 14.
Qxc6+ bxc6 15. fxe5 Bxe5 16. b3 O-O 17. Ba3 Rfe8 18.
Rae1 Bf6 19. Bc5 a6 20. Kf2 Rad8 21. Rxe8+ Rxe8 22. Re1 Rxe1 23. Kxe1 Be5 24. g3 f5 25.
Ke2 h5 26. Kd3 h4 27. gxh4 Bxh2 28. Bxd4 g6 29. Kc4 Bg3 30. Bf6 Kf7 31. Bg5 Ke6 32. Kc5 f4 33. Kd4 Kf5 34. c4 Kg4 35. Ke4 f3 36.
Ke3 Bh2 37. Kf2 Bg3+ 38. Kf1 Kf5 39. d3 Ke5 40. b4 Kd4 41. a4 Kxd3 42. b5 axb5 43.
axb5 Kxc4 44. bxc6 Kc5 45. c7 Bxc7 46. Kf2 Kd5 47.
Kxf3 Ke6 48. Kg4 Be5 49. Bd8 Kf7 50. Kg5 Bb2 51. Kh6 Bc1+ 52. Bg5 Bb2 53. Kh7 Bc3 54. Kh6 Bg7+ 55. Kh7 Bd4 56. Bf4 Bg7 57. Be3 Be5 58. Kh6 Bg7+ 59. Kh7 Be5 60. Bd2 Bg7 61. Bh6 Be5 62. Bg5 Bg7 63. Bf4 Bf6 64. Bg5 Bg7 65. Bd8 Be5 66. Kh6 Bg7+ 67. Kh7 Be5 68. Bg5 Bg7 1/2-1/2

[Event "*** Titled Tuesday Blitz"]
[Site "Chess.com"]
[Date "2021.02.16"]
[Round "10"]
[White "Funo09"]
[Black "Neftegor"]
[Result "1-0"]
[WhiteElo "2755"]
[BlackElo "2571"]
[TimeControl "180+1"]
[EndTime "11:59:35 PST"]
[Termination "Funo09 won by checkmate"]

1. f4 d5 2. Nf3 c5 3. e3 g6 4.
Nc3 Bg7 5. d3 Nf6 6. Be2 Nc6 7.
O-O O-O 8. Qe1 Re8 9. e4 d4 10. Nb1 e5 11. a4 exf4 12. Bxf4 Ng4 13. Na3 h6 14. Qg3 Nge5 15. Rf2 Be6 16. h3 Nxf3+ 17. Bxf3 g5 18. Bd6 b6 19. Bh5 Qd7 20. Nb5 Rad8 21. Bc7 Rc8 22. Raf1 a6 23. Bxf7+ Bxf7 24. Rxf7 Qe6 25. Rxg7+ Kxg7 26. Nd6 Re7 27. Nxc8 Qxc8 28. Bxb6 Ne5 29. a5 Qc6 30. Rf5 Ng6 31. Bxc5 Rb7 32. Bxd4+ Kh7 33. c4 Rd7 34. Rd5 Rf7 35. Rf5 Rd7 36.
Bc3 Nf4 37. Rxf4 gxf4 38. Qxf4 Qe6 39. d4 Rf7 40. Qe3 Qxc4 41. d5 Rf1+ 42. Kh2 Qc7+ 43. e5 Qc4 44. e6 Qxd5 45. Qa7+ Kg6 46. Qg7+ Kf5 47. Qg4# 1-0

[Event "*** Titled Tuesday Blitz"]
[Site "Chess.com"]
[Date "2021.02.16"]
[Round "10"]
[White "AttractiveMustard"]
[Black "Zq1"]
[Result "0-1"]
[WhiteElo "2382"]
[BlackElo "2506"]
[TimeControl "180+1"]
[EndTime "11:59:35 PST"]
[Termination "Zq1 won on time"]

1. e4 c5 2. Nf3 d6 3. d4 cxd4 4.
Nxd4 Nf6 5. Nc3 Nc6 6. Bg5 g6 7. Bxf6 exf6 8. Be2 Bg7 9. O-O Nxd4 10. Qxd4 O-O 11. Rad1 f5 12. Qb4 a5 13. Qxd6 Qxd6 14. Rxd6 fxe4 15. Nxe4 Bxb2 16. c3 Bf5 17. Rb1 Ba3 18.
Rd4 Rad8 19. Bf3 Rxd4 20. cxd4 Rd8 21. d5 Bb4 22. Rd1 Kg7 23. g4 Bxe4 24. Bxe4 b6 25. f3 Bd6 26. Rc1 Bc5+ 27. Kf1 Kf6 28. Ke2 Ke5 29. g5 Kf4 30. h4 h6 31. gxh6 Rh8 32.
Rd1 Bd6 33. Rb1 Bc5 34. Rd1 Ke5 35. d6 Bxd6 36. Rd5+ Ke6 37. h5 Rxh6 38. hxg6 fxg6 39. a4 Rh2+ 40. Kd3 Rg2 41. Rb5 Bc5 42. Rb1 Ke5 43.
Rh1 g5 44. Bc6 Kf4 45. Re1 Rb2 46. Re4+ Kf5 47. Bd7+ Kf6 48. Rg4 Rb3+ 49. Ke4 Re3+ 50. Kd5 Rxf3 51. Kc6 Rf4 52. Kd5 Rf2 53. Re4 Rd2+ 54.
Kc6 Rd6+ 0-1

[Event "*** Titled Tuesday Blitz"]
[Site "Chess.com"]
[Date "2021.02.16"]
[Round "10"]
[White "Skillcam"]
[Black "lucachess49"]
[Result "1-0"]
[WhiteElo "2482"]
[BlackElo "2352"]
[TimeControl "180+1"]
[EndTime "11:59:35 PST"]
[Termination "Skillcam won on time"]

1. d4 Nf6 2. c4 e6 3. Nc3 Bb4 4. e3 O-O 5. Ne2 Re8 6. a3 Bf8 7. Ng3 d6 8. Bd3 e5 9. O-O Nc6 10. Nd5 exd4 11. exd4 Nxd5 12. cxd5 Ne7 13. Bg5 f6 14.
Bd2 g6 15. Qf3 Bg7 16. Rfe1 f5 17. h4 c6 18. dxc6 bxc6 19. h5 Nd5 20. hxg6 hxg6 21. Rxe8+ Qxe8 22. Re1 Qf7 23. Bc4 Be6 24. b4 Re8 25.
Bg5 Bxd4 26. Qd1 Bc3 27. Re2 Be5 28. Bxd5 Bxd5 29. f4 Bb2 30. Rxb2 Re3 31. Nf1 Re4 32. Re2 Qe6 33. Rxe4 Qxe4 34. Qd2 Qb1 35. Qe3 Be4 36. Bf6 Qa2 37. Qf2 Qxa3 38. Qh4 Kf7 39. Qh8 Ke6 40. Qg7 1-0

[Event "*** Titled Tuesday Blitz"]
[Site "Chess.com"]
[Date "2021.02.16"]
[Round "10"]
[White "attack2mateU"]
[Black "FairChess_on_YouTube"]
[Result "0-1"]
[WhiteElo "2733"]
[BlackElo "2929"]
[TimeControl "180+1"]
[EndTime "11:59:37 PST"]
[Termination "FairChess_on_YouTube won by resignation"]

1. e4 c5 2. Nf3 Nc6 3. Bb5 b6 4. c3 Nf6 5. e5 Nd5 6. d4 cxd4 7. cxd4 e6 8. O-O Bb7 9. Nbd2 Be7 10. Ne4 h6 11. Re1 O-O 12. a3 Rc8 13. Bd3 d6 14. Bb1 dxe5 15. dxe5 Qc7 16. Ng3 Rfd8 17.
Qd3 Nf6 18. Qe2 Nh7 19. Qe4 Nf8 20. Qg4 Ng6 21. Bxg6 fxg6 22. Bxh6 Bf8 23. Qxe6+ Qf7 24. Qxf7+ Kxf7 25. e6+ Ke8 26. Bg5 Rd3 27. Nh4 Be7 28. Ne4 Rd4 29. Bxe7 Nxe7 30. f3 g5 31. Rad1 Rxd1 32.
Rxd1 Bxe4 33. fxe4 gxh4 34. Rd7 Rc6 35. Rxa7 Rxe6 36. Rb7 Kd8 37. Kf2 Kc8 38. Ra7 Rxe4 39. Kf3 Re5 40. Kf4 Ng6+ 41. Kg4 Re2 42. g3 Rxh2 43.
Rxg7 Ne5+ 44. Kf5 Nc4 45. gxh4 Rxh4 46. Rg2 Ne3+ 47. Kg5 Nxg2 0-1

[Event "*** Titled Tuesday Blitz"]
[Site "Chess.com"]
[Date "2021.02.16"]
[Round "10"]
[White "GM_LOADING"]
[Black "GregShahade"]
[Result "1/2-1/2"]
[WhiteElo "2509"]
[BlackElo "2660"]
[TimeControl "180+1"]
[EndTime "11:59:37 PST"]
[Termination "Game drawn by stalemate"]

1. d4 Nf6 2. Nf3 g6 3. Bg5 Bg7 4. Nbd2 O-O 5. e3 d6 6. Bc4 c5 7. c3 Nc6 8. O-O h6 9. Bh4 b6 10. Re1 Bb7 11. Rc1 Rc8 12. a3 e6 13. e4 g5 14. Bg3 Nh5 15. d5 exd5 16. Bxd5 Nxg3 17. hxg3 Qe7 18. Nc4 Rcd8 19. Ne3 Qc7 20. Nh2 Ne7 21. Nhg4 h5 22. Nh2 g4 23. Rc2 Bxd5 24. Nxd5 Nxd5 25.
Qxd5 Be5 26. Nf1 Qe7 27. Ne3 Qe6 28. Rd2 Qxd5 29. Rxd5 Kh7 30. Red1 b5 31. Nf5 Rfe8 32. Kf1 Rb8 33. Nxd6 Bxd6 34. Rxd6 Rxe4 35. R6d5 b4 36. Rxh5+ Kg6 37. Rxc5 bxa3 38. bxa3 Rb2 39. Kg1 Ree2 40. Rf1 Rec2 41. Rc4 f5 42. Ra4 Rxc3 43. Rxa7 Ra2 44.
a4 Rca3 45. Rd1 Rxa4 46. Rd6+ Kg5 47. Rg7+ Kh5 48. Rf6 f4 49. gxf4 Ra1+ 50. Kh2 g3+ 51. fxg3 Rh1+ 52. Kxh1 Ra1+ 53. Kh2 Rh1+ 54. Kxh1 1/2-1/2

[Event "*** Titled Tuesday Blitz"]
[Site "Chess.com"]
[Date "2021.02.16"]
[Round "10"]
[White "Cecile-Haussernot"]
[Black "annacramling"]
[Result "1-0"]
[WhiteElo "2335"]
[BlackElo "2126"]
[TimeControl "180+1"]
[EndTime "11:59:37 PST"]
[Termination "Cecile-Haussernot won by checkmate"]

1. e4 c5 2. Nf3 Nc6 3. Nc3 g6 4. d4 cxd4 5. Nxd4 Bg7 6. Be3 d6 7. Qd2 Nf6 8. f3 O-O 9. Bc4 Ne5 10. Bb3 a6 11. a4 Bd7 12. a5 Rc8 13. O-O Nc4 14. Bxc4 Rxc4 15. Qd3 Rc8 16. Rfd1 Qc7 17. Nb3 Be6 18. Bb6 Qc4 19. Qe3 Nd7 20. Ra4 Qc6 21.
Bd4 Bxd4 22. Nxd4 Qc5 23. Kh1 Ne5 24. Qh6 Bd7 25. Raa1 Nc4 26. Nd5 Rfe8 27. b3 Ne5 28. c4 Be6 29. Nf4 Bd7 30. h4 Nc6 31. Nde2 e5 32.
Nd5 Re6 33. Qg5 Nd4 34. Nf6+ Rxf6 35. Qxf6 Nxe2 36. Rxd6 Ng3+ 37. Kh2 Rc6 38. Rxc6 Bxc6 39. Kxg3 Qd4 40. Re1 Qd3 41. Qxe5 Kf8 42. Qh8+ Ke7 43. e5 Qxb3 44. Qf6+ Kf8 45. e6 Qxc4 46. Qxf7# 1-0

[Event "*** Titled Tuesday Blitz"]
[Site "Chess.com"]
[Date "2021.02.16"]
[Round "10"]
[White "Goryachkina"]
[Black "beautroll"]
[Result "1-0"]
[WhiteElo "2649"]
[BlackElo "2476"]
[TimeControl "180+1"]
[EndTime "11:59:38 PST"]
[Termination "Goryachkina won by resignation"]

1. e4 c5 2. Nf3 d6 3. c3 Nf6 4. Be2 Nbd7 5. d3 e6 6. O-O Be7 7. Nbd2 O-O 8. d4 b6 9. Re1 Bb7 10. Bf1 Rc8 11. e5 dxe5 12. dxe5 Nd5 13. a4 a6 14. Nc4 Qc7 15. Qc2 b5 16. axb5 axb5 17. Na5 c4 18. Nxb7 Qxb7 19. Bg5 Bc5 20. Nd2 Qc7 21.
Ne4 Rfe8 22. Bh4 Nf8 23. Bg3 Ra8 24. b3 Nb6 25. bxc4 bxc4 26. Nd6 Bxd6 27. exd6 Qc6 28. Be2 Rxa1 29. Rxa1 e5 30. Rd1 Re6 31. Bg4 Rxd6 32. Bxe5 Rxd1+ 33. Qxd1 Qd5 34. Qe2 f6 35. Bd4 Qc6 36.
h4 Kf7 37. Bh5+ g6 38. Bf3 Qb5 39. h5 Kg7 40. Qe7+ Kg8 41. Qxf6 Qd7 42. Qxb6 Ne6 43. Qb8+ Kf7 44. Bg4 1-0

[Event "*** Titled Tuesday Blitz"]
[Site "Chess.com"]
[Date "2021.02.16"]
[Round "10"]
[White "Margency"]
[Black "Shuvalov"]
[Result "1/2-1/2"]
[WhiteElo "2679"]
[BlackElo "2542"]
[TimeControl "180+1"]
[EndTime "11:59:41 PST"]
[Termination "Game drawn by repetition"]

1. e4 e6 2. d4 d5 3. Nc3 Bb4 4. e5 c5 5. a3 Bxc3+ 6. bxc3 Ne7 7. Qg4 cxd4 8. cxd4 Qc7 9. Bd2 Qxc2 10. Qxg7 Rg8 11. Qh6 Nbc6 12. Nf3 Bd7 13. Rc1 Qb2 14. Qe3 Nf5 15. Qc3 Qb6 16. Be3 Rc8 17. Qd2 Na5 18. Rxc8+ Bxc8 19. Qb4 Qc7 20. Bb5+ Bd7 21. Bxd7+ Kxd7 22. O-O Nc4 23. Bg5 Nxd4 24. Qe7+ Kc8 25. Nxd4 Qxe7 26. Bxe7 Nxe5 27. Rc1+ Kd7 28. Bf6 Nc4 29. Nf3 Kd6 30. Re1 Nxa3 31. Ne5 Rf8 32. Bg7 Rg8 33. Bf6 Rf8 34. Ra1 Nb5 35. f4 a6 36.
Rc1 Nd4 37. Kf2 Nc6 38. Ke3 Ne7 39. g4 Nc6 40. h4 a5 41. h5 a4 42. g5 a3 43. Ra1 Ra8 44. Nxf7+ Kc5 45. Ne5 Nb4 46. Kd2 a2 47. Kc3 Ra3+ 48. Kb2 Rh3 49. Be7+ Kb5 50. Bxb4 Kxb4 51. Rxa2 Rh2+ 52. Ka1 Rh1+ 53. Kb2 Rh2+ 54. Kb1 Rh1+ 55. Kb2 Rh2+ 1/2-1/2

[Event "*** Titled Tuesday Blitz"]
[Site "Chess.com"]
[Date "2021.02.16"]
[Round "10"]
[White "Loy_Konstantin"]
[Black "alejogarcia1999"]
[Result "1/2-1/2"]
[WhiteElo "2386"]
[BlackElo "2494"]
[TimeControl "180+1"]
[EndTime "11:59:42 PST"]
[Termination "Game drawn - insufficient material"]

1. e4 c5 2. Nf3 e6 3. d3 Nc6 4. g3 g6 5. Bg2 Bg7 6. O-O Nge7 7. Re1 O-O 8. c3 d6 9. d4 cxd4 10.
cxd4 b6 11. Nc3 Bb7 12. a3 d5 13. e5 Nf5 14. Bg5 f6 15. exf6 Bxf6 16. Bxf6 Qxf6 17. Ne2 Ba6 18. Ne5 Bxe2 19. Rxe2 Nfxd4 20. Nd7 Nxe2+ 21.
Qxe2 Qf7 22. Nxf8 Rxf8 23. f4 Re8 24. Rc1 Qd7 25. Bh3 Qd6 26. Qc2 Rc8 27. Qa4 Kg7 28.
Re1 Re8 29. b4 Re7 30. Qb3 e5 31. fxe5 Rxe5 32. Qb2 d4 33. Rf1 d3 34. Bg2 Qd4+ 35.
Qxd4 Nxd4 36. Rd1 Re3 37. Bf1 Nc2 38. Rxd3 Rxd3 39. Bxd3 Nxa3 40. Kf2 Kf6 41. Ke3 Ke5 42.
h4 a5 43. bxa5 bxa5 44. h5 gxh5 45. Bxh7 Nc4+ 46. Kd3 Nd6 47. Bg6 Nf5 48. Bxh5 Nxg3 49. Bd1 Kd5 50. Kc3 Kc5 51. Kb2 Kb4 52. Bg4 Ne4 53. Be6 Nf2 54. Bg8 a4 55. Ka2 a3 56.
Bf7 Ne4 57. Bg8 Nc3+ 58. Ka1 Kc5 59. Bf7 Kd4 60. Bg8 Ke3 61. Bf7 Kd2 62. Bg8 Kc2 63.
Bf7 Nb5 64. Ka2 Kc3 65. Be8 Kb4 66. Bxb5 Kxb5 67. Kxa3 1/2-1/2

[Event "*** Titled Tuesday Blitz"]
[Site "Chess.com"]
[Date "2021.02.16"]
[Round "10"]
[White "mishanick"]
[Black "Genghis_K"]
[Result "1-0"]
[WhiteElo "3013"]
[BlackElo "2917"]
[TimeControl "180+1"]
[EndTime "11:59:43 PST"]
[Termination "mishanick won by resignation"]

1. e4 c6 2. Nf3 d5 3. Nc3 dxe4 4. Nxe4 Nf6 5. Qe2 Nxe4 6. Qxe4 Qa5 7. Bc4 Bf5 8. Qf4 e6 9. O-O Nd7 10. c3 Be7 11. d4 O-O 12. a4 Qd8 13. Re1 Nb6 14.
Bb3 Nd5 15. Qg3 a5 16. Ne5 Bf6 17. h3 Rc8 18. Nc4 Be7 19. Bd2 Bg6 20. Rad1 b5 21.
Ne5 Bd6 22. Qf3 Bxe5 23. Rxe5 Qb6 24. axb5 cxb5 25. Bxd5 exd5 26. Qxd5 Bd3 27. Rde1 a4 28. Qf3 Bc4 29. Qg3 h6 30. h4 Qf6 31. R1e4 Rcd8 32.
Rf4 Qg6 33. Rg4 Qf6 34. h5 Rfe8 35. Rf4 Qc6 36. Ref5 Re4 37. Rxe4 Qxe4 38. Bxh6 g6 39. Re5 Qb1+ 40. Kh2 Bd3 41. Bg5 Rc8 42. Bf6 Qd1 43. Qe3 Kh7 44. hxg6+ Bxg6 45. Qh3+ Bh5 46. Rxh5+ 1-0

[Event "*** Titled Tuesday Blitz"]
[Site "Chess.com"]
[Date "2021.02.16"]
[Round "10"]
[White "kekic76"]
[Black "OriTaichman"]
[Result "1/2-1/2"]
[WhiteElo "2415"]
[BlackElo "2540"]
[TimeControl "180+1"]
[EndTime "11:59:44 PST"]
[Termination "Game drawn - insufficient material"]

1. e4 c5 2. Nf3 Nc6 3. d4 cxd4 4. Nxd4 d5 5. exd5 Qxd5 6. Nxc6 Qxd1+ 7. Kxd1 bxc6 8.
Bd3 e5 9. Nc3 Bb4 10. Bd2 Be6 11. Ne4 Bxd2 12. Kxd2 f6 13. Nc5 Kf7 14. Nxe6 Kxe6 15.
Bc4+ Kf5 16. Bxg8 Rhxg8 17. Ke3 g5 18. Rhd1 Rad8 19. b4 g4 20. a4 Ke6 21. c4 f5 22. b5 c5 23. a5 Rd4 24. Rxd4 cxd4+ 25. Kd3 Kd6 26. c5+ Kxc5 27. Rc1+ Kxb5 28. Rc7 Rd8 29. Rxa7 e4+ 30. Kd2 f4 31. Rf7 e3+ 32. fxe3 fxe3+ 33. Kd3 Re8 34. Rf1 Kc5 35. a6 Re7 36.
Ra1 e2 37. Re1 Re3+ 38. Kd2 g3 39. hxg3 Rxg3 40. Rxe2 Kb6 41. Re6+ Ka5 42. Rh6 Rxg2+ 43. Kd3 Rg7 44. Kxd4 Ra7 45. Ke4 Rxa6 46. Rxa6+ Kxa6 47. Kf5 Kb6 48. Kg5 Kc6 49. Kh6 Kd5 50. Kxh7 1/2-1/2